 Dungeon Crawl Stone Soup version 0.26.1-10-gdfb7c7de75 (webtiles) character file.

Game seed: 1764023948342900497

74 phalm the Shield-Bearer (level 4, -4/29 HPs)
             Began as a Gargoyle Fighter on Apr 11, 2021.
             Slain by a killer bee (5 damage)
             ... on level 2 of the Dungeon.
             The game lasted 00:01:45 (1181 turns).

phalm the Shield-Bearer (Gargoyle Fighter)          Turns: 1181, Time: 00:01:45

Health: -4/29      AC: 10    Str: 20    XL:     4   Next: 28%
Magic:  4/4        EV:  7    Int:  9    God:
Gold:   42         SH:  9    Dex:  9    Spells: 3/3 levels left

rFire    . . .     SeeInvis .   a - +0 flail
rCold    . . .     Faith    .   c - +0 kite shield
rNeg     + . .     Spirit   .   b - +0 scale mail
rPois    ∞         Reflect  .   (no helmet)
rElec    +         Harm     .   (no cloak)
rCorr    .         Rampage  .   (no gloves)
Will     .....     Rnd*Tele +   (no boots)
Stlth    ..........             (no amulet)
HPRegen  0.09/turn              f - ring of teleportation (curse)
MPRegen  0.09/turn              l - ring of flight

@: mighty
A: negative energy resistance 1, electricity resistance, unbreathing,
petrification resistance, miasma immunity, AC +3
a: Evoke Flight


You were on level 2 of the Dungeon.
You visited 1 branch of the dungeon, and saw 2 of its levels.

You collected 42 gold pieces.

Inventory:

Hand Weapons
 a - a +0 flail (weapon)
Armour
 b - a +0 scale mail (worn)
 c - a +0 kite shield (worn)
Jewellery
 f - a cursed ring of teleportation (left hand)
 l - a ring of flight (right hand)
Scrolls
 g - a scroll of enchant armour {unknown}
 i - 3 scrolls of fog {unknown}
 j - 2 scrolls of enchant weapon {unknown}
 k - 2 scrolls of identify {unknown}
 m - a scroll of teleportation {unknown}
Potions
 e - 3 potions of heal wounds {unknown}
 h - 3 potions of lignification {unknown}


   Skills:
 + Level 3.7 Fighting
 * Level 3.0 Maces & Flails
 + Level 3.7 Armour
 * Level 4.1 Shields


You had 3 spell levels left.
You didn't know any spells.
Your spell library was empty.

Dungeon Overview and Level Annotations

Branches:
Dungeon (2/15)

Altars:


Innate Abilities, Weirdness & Mutations

You are resistant to torment.
Your stone body is resilient. (AC +3)
You are immune to poison.
You resist negative energy. (rN+)
You are resistant to electric shocks. (rElec)
You can survive without breathing.
You are immune to petrification.
You are immune to miasma.


Message History

Your scale mail prevents you from hitting the killer bee.
The killer bee stings you. You block the killer bee's attack.
The killer bee stings you but does no damage.
You closely miss the killer bee. The killer bee barely misses you.
The killer bee stings you but does no damage.
The killer bee completely misses you.
You barely miss the killer bee.
The killer bee stings you but does no damage.
You block the killer bee's attack.
Your shield and scale mail prevent you from hitting the killer bee.
The killer bee stings you. x2
* * * LOW HITPOINT WARNING * * *
You block the killer bee's attack.
You miss the killer bee. You block the killer bee's attack.
The killer bee stings you.
* * * LOW HITPOINT WARNING * * *
You closely miss the killer bee.
The killer bee stings you but does no damage.
The killer bee stings you.
You die...

### ..# #.# #.#
## #@# .. #y#
..
#...ygw......
#....y.......
.#
#....!..#######
.# ......... ##
.........
#........
..#......#


You could see 3 killer bees, a dart slug and a goblin.

Vanquished Creatures
  4 adders (D:2)
  An ooze (D:2)
  2 dart slugs
  A leopard gecko (D:1)
  3 giant cockroaches
  A goblin (D:1)
  2 hobgoblins
  4 jackals (D:2)
  2 quokkas (D:2)
  A bat (D:2)
  3 frilled lizards (D:1)
  3 kobolds
  2 rats (D:2)
29 creatures vanquished.

Notes
Turn   | Place    | Note
-------+----------+-------------------------------------------
     0 | D:1      | phalm the Gargoyle Fighter began the quest for the Orb.
     0 | D:1      | Reached XP level 1. HP: 14/14 MP: 1/1
   192 | D:1      | Reached XP level 2. HP: 19/19 MP: 2/2
   798 | D:2      | Reached XP level 3. HP: 17/23 MP: 3/3
  1026 | D:2      | Reached skill level 4 in Shields
  1156 | D:2      | Noticed a killer bee
  1157 | D:2      | Noticed a killer bee
  1159 | D:2      | Noticed a killer bee
  1168 | D:2      | Reached XP level 4. HP: 16/29 MP: 4/4
  1180 | D:2      | HP: 1/29 [killer bee (5)]
  1181 | D:2      | Slain by a killer bee

Illustrated notes

Levels and vault maps discovered:
D:1:      saegor_arrival_miasma, layout_loops_ring, minmay_tiny_reverse_x
D:2:      layout_loops_ring, overflow_temple_1_default, serial_bayou_pond_e

Skill      XL: |  1  2  3 |
---------------+----------+-----
Shields        | 4 |  4.1
Maces & Flails | 3 |  3.0
Fighting       | |  3.7
Armour         | |  3.7

Action                   |  1- 3 |  4- 6 || total
-------------------------+-------+-------++-------
Melee: Flail             |   127 |    13 ||   140
  Use: Potion            |       |     1 ||     1
Armor: Scale mail        |    84 |     9 ||    93
Dodge: Dodged            |    37 |     5 ||    42
Block: Kite shield       |    72 |     9 ||    81
